 Dungeon Crawl Stone Soup version 0.28-a0-172-g787e458d71 (webtiles) character file.

Game seed: 15247105796717544452

30 Spaninq the Skirmisher (level 3, 0/40 HPs)
             Began as an Ogre Delver on Aug 16, 2021.
             Slain by a black bear (4 damage)
             ... on level 5 of the Dungeon.
             The game lasted 00:00:30 (43 turns).

Spaninq the Skirmisher (Ogre Delver)                  Turns: 43, Time: 00:00:32

Health: 0/40       AC:  3    Str: 17    XL:     3   Next: 20%
Magic:  3/3        EV: 10    Int: 11    God:
Gold:   11         SH:  0    Dex: 10    Spells: 2/2 levels left

rFire   . . .      SeeInvis .   a - +0 hand axe
rCold   . . .      Faith    .   (no shield)
rNeg    . . .      Spirit   .   b - +0 robe
rPois   .          Reflect  .   (helmet restricted)
rElec   .          Harm     .   (no cloak)
rCorr   .          Rampage  .   (gloves unavailable)
Will    .....                   (boots unavailable)
Stlth   ++........              (no amulet)
HPRegen 0.13/turn               (no ring)
MPRegen 0.08/turn               (no ring)

@: no status effects
A: large, unfitting armour, tough skin 1
a: no special abilities


You were on level 5 of the Dungeon.
You visited 1 branch of the dungeon, and saw 1 of its levels.

You collected 11 gold pieces.

Inventory:

Hand Weapons
 a - a +0 hand axe (weapon)
Armour
 b - a +0 robe (worn)
Wands
 g - a wand of digging (3)
Scrolls
 c - a scroll of fog
 d - a scroll of magic mapping
 e - a scroll of fear
 h - a scroll of identify {unknown}
Potions
 f - a potion of haste


   Skills:
 + Level 4.4 Fighting
 * Level 2.4 Axes
 - Level 2.2 Dodging
 - Level 3.9 Stealth


You had 2 spell levels left.
You didn't know any spells.
Your spell library was empty.

Dungeon Overview and Level Annotations

Branches:
Dungeon (5/15)
 Temple: D:4-7

Altars:


Innate Abilities, Weirdness & Mutations

You are too large for most types of armour.
You have tough skin. (AC +1)


Message History

Found 21 sling bullets.
You completely miss the quokka.
The quokka bites you but does no damage.
You miss the quokka. The quokka bites you.
You closely miss the quokka. The quokka misses you.
A black bear comes into view.
The quokka closely misses you.
You miss the quokka. The quokka closely misses you.
You closely miss the quokka. The quokka closely misses you.
You hit the quokka.
The quokka is lightly wounded.
The quokka bites you. x2
You completely miss the quokka.
The quokka is lightly wounded.
The black bear growls angrily.
The quokka barely misses you.
You closely miss the quokka.
The quokka is lightly wounded.
The quokka bites you but does no damage.
You hit the quokka but do no damage.
The quokka is lightly wounded.
The quokka bites you. The quokka barely misses you.
You hit the quokka.
The quokka is almost dead.
The quokka barely misses you.
You slash the quokka!
You kill the quokka!
The black bear bites you. The black bear claws you.
The black bear claws you but does no damage.
You barely miss the black bear. The black bear barely misses you.
The black bear claws you. x2
* * * LOW HITPOINT WARNING * * *
You hit the black bear.
The black bear is lightly wounded.
The black bear bites you.
* * * LOW HITPOINT WARNING * * *
The black bear claws you.
* * * LOW HITPOINT WARNING * * *
The black bear claws you.
You die...

....... ##...).. ...##
#.. ..# ..#. ##.##.###
... #..#..#.. ..
##....##.# .#
###..>####.###)# #....##
#.##..#
#.#.######...@#####...
##. #.###.....##h!......
##..##.#.......##.#####..
........)..........
^.####...########..#
.......>.. ...#
............. ##.#
#...........## .#
#.##...#.#### (#


You could see a black bear.

Vanquished Creatures
  A centaur skeleton (D:5)
  A quokka (D:5)
2 creatures vanquished.

Notes
Turn   | Place    | Note
-------+----------+-------------------------------------------
     0 | D:5      | Spaninq the Ogre Delver began the quest for the Orb.
     0 | D:5      | Reached XP level 1. HP: 24/24 MP: 1/1
    29 | D:5      | Reached XP level 2. HP: 19/33 MP: 2/2
    29 | D:5      | Reached XP level 3. HP: 24/40 MP: 3/3
    32 | D:5      | Noticed a black bear
    43 | D:5      | Slain by a black bear

Illustrated notes

Levels and vault maps discovered:
D:5:      layout_rooms, mainiacjoe_overflow_brackets, trog_hazing_becter,
          enter_ossuary_3

Skill      XL: |  1 |
---------------+----+-----
Dodging        | 2 |  2.2
Fighting       | |  4.4
Axes           | |  2.4
Stealth        | |  3.9

Action                   || total
-------------------------++-------
Melee: Hand axe          ||    19
Armor: Robe              ||     5
Dodge: Dodged            ||    17

Table legend: (Time is in decaauts)
 A = Elapsed time spent in this place.
 B = Non-inter-level travel time spent in this place.
 C = Inter-level travel time spent in this place.
 D = Time resting spent in this place.
 E = Time spent auto-exploring this place.
 F = Levels seen in this place.
 G = Mean time per level.
                   A        B        C        D        E       F      G
               +--------+--------+--------+--------+--------+-----+--------+
         Total |     46 |     46 |      0 |      0 |      6 |   1 |   46.0 |
       Dungeon |     46 |     46 |      0 |      0 |      6 |   1 |   46.0 |
               +--------+--------+--------+--------+--------+-----+--------+

Top non-repeatable levels by time:
     D:5: 46 daAuts
